 Dungeon Crawl Stone Soup version 0.30.1-9-gdf580d7c3d (webtiles) character file.

Game seed: 17769012827496442603

126 Chiseanne the Covered (level 4, 0/34 HPs)
             Began as a Demonspawn Wanderer on Oct 13, 2023.
             Slain by a kobold
             ... wielding a +1 dagger of electrocution
              (18 damage)
             ... on level 3 of the Dungeon.
             The game lasted 00:04:14 (2332 turns).

Chiseanne the Covered (Demonspawn Wanderer)         Turns: 2332, Time: 00:04:14

Health: 0/34       AC: 11    Str: 15    XL:     4   Next: 83%
Magic:  7/7        EV:  8    Int: 13    God:
Gold:   134        SH:  5    Dex: 14    Spells: 6/7 levels left

rFire   . . .        h - +0 whip (elec)
rCold   . . .        b - +1 buckler
rNeg    . . .        d - +2 scale mail
rPois   .            j - +0 helmet
rElec   .            (no cloak)
rCorr   .            o - +0 pair of gloves
SInv    .            (no boots)
Will    .....        (no amulet) Stlth
                     (no ring)
HPRegen 0.25/turn    (no ring)
MPRegen 0.10/turn

%: no passive effects
@: no status effects
A: foul stench 1, big brain 1
a: no special abilities


You were on level 3 of the Dungeon.
You visited 1 branch of the dungeon, and saw 3 of its levels.

You collected 134 gold pieces.

Inventory:

Hand Weapons
 a - a +0 club
 h - a +0 whip of electrocution (weapon)
Missiles
 f - 44 stones
 g - 6 boomerangs
 i - 4 poisoned darts (quivered)
 m - 2 javelins
Armour
 b - a +1 buckler (worn)
 d - a +2 scale mail (worn)
 j - a +0 helmet (worn)
 o - a +0 pair of gloves (worn)
Scrolls
 c - 2 scrolls of teleportation
 e - 3 scrolls of identify
 k - a scroll of fog
 n - a scroll of amnesia
Potions
 l - a potion of brilliance
 q - 2 potions of invisibility


   Skills:
 * Level 2.7 Fighting
 * Level 3.6 Armour
 - Level 1.0 Stealth
 * Level 2.5 Shields
 - Level 2.0 Spellcasting
 - Level 2.0 Conjurations


You had 6 spell levels left.
You knew the following spells:

 Your Spells              Type           Power      Damage    Failure   Level
a - Shock                 Conj/Air       12%        1d3       63%         1

Your spell library contained the following spells:

 Spells                   Type           Power      Damage    Failure   Level
 Sublimation of Blood     Necr           1%         N/A       88%         2
 Hailstorm                Conj/Ice       3%         3d3       94%         3
 Petrify                  Tmut/Erth      1%         N/A       100%        4
 Irradiate                Conj/Tmut      1%         3d12      100%        5


Dungeon Overview and Level Annotations

Branches:
Dungeon (3/15)

Altars:
Hepliaklqana
Ru
Yredelemnul


Innate Abilities, Weirdness & Mutations

You may rarely emit foul miasma when damaged in melee.
You have an unusually large brain. (Int +2)


Message History

The poisoned dart barely misses the kobold.
Throw: 7 darts (poison)
Press: ? - help, Q - select action, (/) - cycle Shift-Dir - straight line, f/p - kobold
Aim: a kobold, wielding a +1 dagger of electrocution and quivering stones (51% to hit)
You throw a poisoned dart.
The poisoned dart barely misses the kobold.
Throw: 6 darts (poison)
Press: ? - help, Q - select action, (/) - cycle Shift-Dir - straight line, f/p - kobold
Aim: a kobold, wielding a +1 dagger of electrocution and quivering stones (51% to hit)
You throw a poisoned dart.
The poisoned dart closely misses the kobold.
Throw: 5 darts (poison)
Press: ? - help, Q - select action, (/) - cycle Shift-Dir - straight line, f/p - kobold
Aim: a kobold, wielding a +1 dagger of electrocution and quivering stones (51% to hit)
You throw a poisoned dart.
The poisoned dart closely misses the kobold.
You barely miss the kobold. The kobold hits you but does no damage.
You miss the kobold.
The kobold hits you with a +1 dagger of electrocution.
You miss the kobold.
The kobold hits you with a +1 dagger of electrocution.
You are electrocuted!
You miss the kobold.
The kobold hits you with a +1 dagger of electrocution.
You miss the kobold. The kobold hits you but does no damage.
You hit the kobold.
The kobold is moderately wounded.
The kobold hits you but does no damage.
You miss the kobold.
The kobold is moderately wounded.
The kobold barely misses you. x2
The kobold attacks as you move away! The kobold barely misses you.
You hit the kobold.
The kobold is severely wounded.
You block the kobold's attack.
You barely miss the kobold.
The kobold is severely wounded.
The kobold hits you but does no damage.
You are electrocuted!!
Ouch! That really hurt!
You die...

#..#.# ##.#.# (
#.#.# #.# #.#.#
.#.# #.#.####
...#
#.#....####...##
#..............##
####.#.#.........
#.#..@K......(
#.###.........
#.# ####...###
#.# ..)# #.# ....
#. ....# .#.#
...#


You could see a kobold.

Vanquished Creatures
  2 orc priests
  An adder (D:2)
  2 dart slugs
  An orc (D:3)
  5 ball pythons
  3 bats
  2 endoplasms
  A giant cockroach (D:2)
  3 goblins
  6 hobgoblins
  4 quokkas
  5 frilled lizards
  10 kobolds
  8 rats
53 creatures vanquished.

Notes
Turn   | Place    | Note
-------+----------+-------------------------------------------
     0 | D:1      | Chiseanne the Demonspawn Wanderer began the quest for the
                  | Orb.
     0 | D:1      | Chiseanne set off with the following items: a +0 club, a +0
                  | buckler, a scroll of teleportation, a +2 scale mail; and
                  | the following spell memorised: Shock; and the following
                  | spells available to memorise: Hailstorm.
     0 | D:1      | Reached XP level 1. HP: 15/15 MP: 3/3
   164 | D:1      | Gained mutation: You may rarely emit foul miasma when
                  | damaged in melee. [demonic ancestry]
   164 | D:1      | Reached XP level 2. HP: 21/21 MP: 5/5
   469 | D:1      | Reached skill level 3 in Armour
   860 | D:2      | Gained mutation: You have an unusually large brain. (Int
                  | +2) [demonic ancestry]
   860 | D:2      | Reached XP level 3. HP: 27/27 MP: 6/6
   872 | D:2      | Found a faded altar of an unknown god.
   942 | D:2      | Found a basalt altar of Yredelemnul.
  1092 | D:2      | You fall into a shaft and drop 1 floor!
  1748 | D:3      | Found a hazy altar of Hepliaklqana.
  1770 | D:3      | Found a sacrificial altar of Ru.
  1982 | D:2      | Reached XP level 4. HP: 34/34 MP: 7/7
  2332 | D:3      | Slain by a kobold

Illustrated notes

Levels and vault maps discovered:
D:1:      minmay_arrival_radiant_lines, layout_loops_ring,
          lexackson_kobold_supper
D:2:      layout_basic, shapermc_ecumenical_altar_totnotflames, basic_altar
D:3:      layout_loops_ring, minitemple

Skill      XL: |  1  2  3 |
---------------+----------+-----
Armour         | 3 |  3.6
Fighting       | 2 |  2.7
Shields        | 2 |  2.5
Stealth        | |  1.0
Spellcasting   | |  2.0
Conjurations   | |  2.0

Action                     |  1- 3 |  4- 6 || total
---------------------------+-------+-------++-------
  Melee: Whip              |   159 |    29 ||   188
         Club              |     6 |       ||     6
  Throw: Dart              |       |     7 ||     7
   Cast: Shock             |     2 |       ||     2
    Use: Scroll            |     7 |       ||     7
 Armour: Scale mail        |    86 |    12 ||    98
  Dodge: Dodged            |    63 |     6 ||    69
  Block: Buckler           |    40 |     5 ||    45
